 Dungeon Crawl Stone Soup version 0.17-a0-2147-gfb20a63 (console) character file.

496 endege the Covered (level 7, -4/61 HPs)
             Began as a Hill Orc Fighter on Oct 24, 2015.
             Was an Initiate of Beogh.
             Slain by an ogre
             ... wielding a +0 giant spiked club
              (20 damage)
             ... on level 4 of the Dungeon.
             The game lasted 00:22:21 (3142 turns).

endege the Covered (Hill Orc Fighter)               Turns: 3142, Time: 00:22:21

Health: -4/61      AC: 14    Str: 21    XL:     7   Next: 15%
Magic:  7/7        EV:  5    Int:  8    God:    Beogh [......]
Gold:   105        SH: 10    Dex: 10    Spells: 0 memorised, 6 levels left

rFire  . . .     SeeInvis .     a - +0 long sword
rCold  . . .     Clarity  .     p - +0 plate armour
rNeg   . . .     SustAt   .     c - +0 shield
rPois  .         Gourm    .     (no helmet)
rElec  .         Spirit   .     k - +0 cloak
rCorr  .         Warding  .     (no gloves)
rMut   .         Stasis   .     (no boots)
MR     .....                    (no amulet)
Stlth  ..........               (no ring)
                                (no ring)

@: not resistant to hostile enchantments, extremely unstealthy
A: no striking features
a: Renounce Religion


You were on level 4 of the Dungeon.
You worshipped Beogh.
Beogh was noncommittal.
You were not hungry.

You visited 1 branch of the dungeon, and saw 4 of its levels.

You collected 105 gold pieces.

Inventory:

Hand Weapons
 a - a +0 long sword (weapon)
 t - a +0 shortbow
Armour
 b - a +0 robe
 c - a +0 shield (worn)
 k - a +0 cloak (worn)
 l - a +0 large shield
 p - a +0 plate armour (worn)
Scrolls
 h - 4 scrolls of remove curse
 n - 2 scrolls of teleportation
 q - a scroll of enchant weapon {unknown}
Potions
 g - a potion of might
 i - 2 potions of heal wounds
 o - a potion of curing
 r - a potion of haste
 u - a potion of agility {unknown}
Books
 d - a book of Burglary

   Spells                             Type                      Level
   a - Swiftness                      Charms/Air                   2
   b - Passwall                       Transmutation/Earth          3
   c - Passage of Golubria            Translocation                4
   d - Lee's Rapid Deconstruction     Earth                        5
   e - Darkness                       Hexes                        6
   f - Invisibility                   Hexes                        6
 m - a book of Dreams

   Spells                             Type                      Level
   a - Ensorcelled Hibernation        Hexes/Ice                    2
   b - Phase Shift                    Translocation                5
   c - Shadow Creatures               Summoning                    5
   d - Silence                        Hexes/Air                    5
   e - Darkness                       Hexes                        6
   f - Mass Confusion                 Hexes                        6
Comestibles
 e - 2 bread rations
 f - 2 fruits
 j - 3 slices of pizza
 s - 3 chunks of flesh


   Skills:
 + Level 5.1 Fighting
 + Level 4.1 Long Blades
 + Level 5.2 Armour
 - Level 2.0 Dodging
 - Level 0.1 Stealth
 + Level 4.8 Shields


You had 6 spell levels left.
You didn't know any spells.

Dungeon Overview and Level Annotations

Branches:
Dungeon (4/15)
 Temple: D:4-7

Altars:
Ashenzari
Sif Muna


Message History

The ogre barely misses you.
You hit the ogre.
The ogre is heavily wounded.
You block the ogre's attack.
You closely miss the ogre.
The ogre is heavily wounded.
You block the ogre's attack.
You hit the ogre but do no damage.
The ogre is heavily wounded.
The ogre hits you with a giant spiked club!
Your plate armour prevents you from hitting the ogre.
The ogre is heavily wounded.
The ogre hits you with a giant spiked club.
* * * LOW HITPOINT WARNING * * *
You hit the ogre.
The ogre is heavily wounded.
You hit the ogre but do no damage.
The ogre is heavily wounded.
The ogre hits you with a giant spiked club!!
You die...

### ##.######
#.......#
#.#####.# # #@#
#.# ###. #O# #.#
... #.# #(##
##.# ...
#..###..###.
<...#
##..........
......#
##..#.####
.......###..#.#
###.###........#
#.....##..#


You could see an ogre.

Vanquished Creatures
  Sigmund (D:2)
  Ijyb (D:2)
  Jessica (D:3)
  4 orc wizards (D:4)
  A worker ant (D:4)
  A hound skeleton (D:4)
  9 adders
  A worm (D:2)
  4 orcs
  4 giant cockroaches
  5 hobgoblins
  4 jackals (D:1)
  2 quokkas
  2 ball pythons
  6 bats
  3 giant geckos
  3 giant newts
  8 goblins
  6 kobolds
  4 rats
70 creatures vanquished.

Vanquished Creatures (others)
  A ball python skeleton (D:4)
1 creature vanquished.

Grand Total: 71 creatures vanquished

Notes
Turn   | Place    | Note
--------------------------------------------------------------
     0 | D:1      | endege the Hill Orc Fighter began the quest for the Orb.
     0 | D:1      | Reached XP level 1. HP: 19/19 MP: 1/1
   354 | D:1      | Reached XP level 2. HP: 25/27 MP: 2/2
   925 | D:2      | Noticed Sigmund
   940 | D:2      | Killed Sigmund
   940 | D:2      | Reached skill level 4 in Fighting
   940 | D:2      | Reached skill level 1 in Dodging
   940 | D:2      | Reached XP level 3. HP: 22/33 MP: 3/3
   940 | D:2      | Reached XP level 4. HP: 26/40 MP: 4/4
   940 | D:2      | Reached XP level 5. HP: 29/46 MP: 5/5
  1528 | D:2      | Noticed Ijyb
  1547 | D:2      | Killed Ijyb
  1547 | D:2      | Reached XP level 6. HP: 32/53 MP: 6/6
  2195 | D:3      | Found a shattered altar of Ashenzari.
  2434 | D:3      | Found a deep blue altar of Sif Muna.
  2435 | D:3      | Noticed Jessica
  2457 | D:3      | Killed Jessica
  2648 | D:3      | You fall through a shaft!
  2649 | D:4      | Reached skill level 5 in Armour
  2843 | D:4      | Became a worshipper of Beogh the Brigand
  2888 | D:4      | Reached skill level 5 in Fighting
  2899 | D:4      | Reached XP level 7. HP: 38/61 MP: 7/7
  3142 | D:4      | Slain by an ogre

Vault maps used:
D:1:      dpeg_arrival_orchard
D:2:      uniq_iyjb, uniq_sigmund
D:3:      wad_crossroads, ashenzari_altar_1, lemuel_doored_altar, first_bread,
          uniq_jessica
D:4:      bloody_makhleb

Action                   |  1- 3 |  4- 6 |  7- 9 || total
-------------------------+-------+-------+-------++-------
Melee: Long sword        |   114 |   232 |    46 ||   392
Invok: Convert to Beogh  |       |     1 |       ||     1
  Use: Potion            |     1 |     8 |       ||     9
       Scroll            |       |     4 |       ||     4
  Eat: Chunk             |       |     7 |       ||     7
       Beef jerky        |       |       |     1 ||     1
